Unix NetHack Version 3.7.0-102 Work-in-progress - last build Apr 6 2024 13:22:21 (d302a6a9ff6341f1a922d8f5af178406b35fdf99,branch:master). Game began 2024-05-03 10:10:26, ended 2024-05-03 12:31:45. fstd, neutral male human Wizard ---- --..| |...-- --.- --...-- --..---------|....| |>...........--...-- -....-------.......------|.. |......- ------........|... -----..... ---.----........ ---.^--..-- |.- ---......-- ----|........| |. |........-- --..--........| -......G@i.. |.........|..-- ........i.. |...---..-- ......... --- -.[---- --..--- |......| --.| --.|......-- ---- --- |....|.....---..| |...---.........| --.-- ----------- --- Fstd the Thaumaturge St:10 Dx:17 Co:14 In:18 Wi:8 Ch:9 Neutral S:2425 Dlvl:5 $:0 HP:0(42) Pw:37(50) AC:4 Xp:6 T:3104 Hungry Burdened Latest messages: It misses. The gnome throws a dart! The dart misses it. It misses. Pick an object. The dwarf throws a dagger! It misses. You hit it. The manes misses! The manes hits! The manes misses! You miss it. You hit it. The manes hits! The manes hits again! The manes bites! The manes hits! The manes misses! The manes bites! The dwarf hits! The gnome throws a dart! The dart hits it. The dwarf is killed! You miss it. The magic-absorbing blade scares the gnome! You kill the gnome! The manes hits! The manes misses! The manes misses! You hit it. The manes hits! The manes misses! The manes bites! The manes hits! The manes hits again! The manes misses! The manes misses! The manes hits! The manes misses! The gnome hits! You hit it. The manes hits! The manes hits again! The manes misses! The gnome hits! Are you sure you want to pray? [yn] (n) y You begin praying to Thoth. The manes hits! You die... Do you want your possessions identified? [ynq] (y) q Inventory: Weapons (')') B - an uncursed +0 dagger a - the uncursed rustproof +0 Magicbane (weapon in right hand) A - a blessed +1 quarterstaff Armor ('[') X - an uncursed +0 pair of iron shoes (being worn) b - an uncursed +0 cloak of magic resistance (being worn) E - an uncursed +0 studded leather armor (being worn) Scrolls ('?') k - an uncursed scroll of teleportation Rings ('=') e - an uncursed ring of stealth (on left hand) Wands ('/') x - an uncursed wand of slow monster (0:5) c - an uncursed wand of speed monster (0:5) Tools ('(') u - an uncursed oilskin sack containing 27 items o - an uncursed oil lamp (lit) M - an uncursed +0 pick-axe (alternate weapon; not wielded) j - an uncursed skeleton key Contents of the oilskin sack: 527 gold pieces 33 uncursed +0 darts an uncursed +0 dagger 3 uncursed food rations 4 uncursed sprigs of wolfsbane 3 uncursed tripe rations an uncursed scroll of destroy armor a cursed scroll of confuse monster an uncursed scroll of create monster an uncursed scroll of gold detection a blessed scroll of teleportation an uncursed potion of confusion 5 uncursed potions of healing an uncursed potion of blindness an uncursed potion of full healing an uncursed potion of gain level an uncursed potion of monster detection a cursed ring of teleportation named c an uncursed ring of free action an uncursed ring of invisibility an empty uncursed sack a cursed tin whistle named c an uncursed magic marker (0:20) an uncursed worthless piece of green glass 2 uncursed worthless pieces of orange glass 2 uncursed worthless pieces of red glass 2 uncursed worthless pieces of yellow glass Fstd the Wizard's attributes: Background: You were a Thaumaturge, a level 6 male human Wizard. You were neutral, on a mission for Thoth who was opposed by Ptah (lawful) and Anhur (chaotic). You were right-handed. You were in the Gnomish Mines, on level 5. You entered the dungeon 3104 turns ago. You had 412 experience points, 228 more were needed to attain level 7. Your score was 2425 before end-of-game adjustments. Basics: You had 0 out of 42 hit points. You had 37 out of 50 energy points (spell power). Your armor class was 4. Your wallet was empty, but you had 527 zorkmids stashed away in your pack. Autopickup was on for '$"?!=+/(*' plus thrown, with exceptions. Final Characteristics: Your strength was 10 (limit:18/100). Your dexterity was 17 (peak:18, limit:18). Your constitution was 14 (limit:18). Your intelligence was 18 (limit:18). Your wisdom was 8 (limit:18). Your charisma was 9 (limit:18). Final Status: You were hungry. You were burdened; movement was slightly slowed. You were wielding a dagger. You were unskilled in dagger. Final Attributes: You were piously aligned. You were magic-protected. You were telepathic. You were stealthy. You were warded. You are dead. Miscellaneous: You disabled loading of bones levels. Total elapsed playing time was 1 hour, 4 minutes and 24 seconds. Major events: Turn 1: fstd the neutral male human Wizard entered the dungeon 1101: entered the Gnomish Mines 1443: attained the rank of Conjurer (level 3) 1849: reached Mine Town 2661: attained the rank of Thaumaturge (level 6) 2881: was bestowed with Magicbane by Thoth 3104: killed by a manes, while praying Vanquished creatures: a jaguar a dwarf leader a rock mole a pony 5 gnome leaders 3 giant ants 2 floating eyes 7 dwarves 2 kobold leaders a rothe a dwarf zombie a coyote a gas spore a hobbit 2 large kobolds 17 gnomes a gecko 7 jackals a kobold a sewer rat 11 grid bugs a lichen a kobold zombie 6 newts 76 creatures vanquished. No species were genocided or became extinct. Voluntary challenges: You read items or engraved 3 times. You never engraved Elbereth. You never genocided any monsters. You never polymorphed an object. You never changed form. You used no wishes. Achievements: You entered a shop. You entered the Gnomish Mines. You attained the rank of Conjurer. You entered Minetown. You entered a temple. You attained the rank of Thaumaturge. The Dungeons of Doom: levels 1 to 4 Level 1: A sink. Level 2: Some fountains. Level 3: Stairs down to The Gnomish Mines. Level 4: The Gnomish Mines: levels 4 to 6 Level 4: Level 5: <- You were here. Final resting place for you, killed by a manes, while praying. Level 6: "tinning" A temple and an altar to Thoth, some fountains, some trees. Game over: ---------- / \ / REST \ / IN \ / PEACE \ / \ | fstd | | 527 Au | | killed by a | | manes | | | | | | 2024 | *| * * * | * _________)/\\_//(\/(/\)/\//\/|_)_______ Goodbye fstd the Wizard... You died in The Gnomish Mines on dungeon level 5 with 2373 points, and 527 pieces of gold, after 3104 moves. You were level 6 with a maximum of 42 hit points when you died.